AoeStats
← Placebo33

Four Lakes

509874084Analyzed
1v1 RM · 5d ago on Sep 28, 2026· 38m 38s· 2 players
Game mode
Random Map
Map size
Tiny (2 player)
Population
200
Speed
Normal
Resources
Standard
Victory
Conquest
Starting age
Dark Age
Ending age
Imperial Age
RankedLock teamsTeams togetherTeam positionsShared explorationLock speedFull tech treeHidden civsTurbo modeCheats
Victory
Defeat
🇹🇼 Wei · Taiwan
877
+16
🇫🇷 Franks · France
867
-16
Placebo33
5:55 Loom
12:36 Feudal Age
15:10 Wheelbarrow
14:59 Double-Bit Axe
17:02 Man-at-Arms
20:01 Castle Age
20:19 Stone Mining
20:22 Gold Mining
20:30 Gold Mining
24:37 Hand Cart
28:14 Murder Holes
31:25 Imperial Age
31:31 Cavalier
34:25 Scale Barding Armor
34:31 Forging
36:14 Chivalry
Sefton OY
10:49 Feudal Age
10:24 Loom
12:09 Double-Bit Axe
12:42 Town Watch
14:34 Wheelbarrow
20:23 Castle Age
18:09 Horse Collar
18:51 Fletching
19:01 Padded Archer Armor
20:49 Gold Mining
20:49 Stone Mining
21:09 Bodkin Arrow
21:29 Leather Archer Armor
21:16 Husbandry
21:43 Bow Saw
22:33 Gold Shaft Mining
21:41 Fishing Lines
22:06 Squires
22:28 Forging
22:23 Scale Barding Armor
23:18 Heavy Plow
24:02 Hand Cart
24:39 Stone Shaft Mining
26:08 Iron Casting
25:38 Scale Barding Armor
26:14 Town Patrol
26:55 Bloodlines
27:55 Thumb Ring
27:43 Pikeman
28:24 Squires
31:05 Chain Barding Armor
31:08 Ballistics
31:40 Tuntian
31:41 Murder Holes
36:01 Imperial Age
34:37 Scale Mail Armor
37:23 Hoardings
38:15 Chemistry
37:51 Conscription
37:46 Bracer
38:16 Ring Archer Armor
37:29 Halberdier
39:27 Ming Guang Armor
Connection lost

Rejoining the realm…

Still unreachable

The connection could not be restored.

Session expired

The server has moved on; the page needs a fresh start.